 Dungeon Crawl Stone Soup version 0.22.0-60-ga52c2fc (webtiles) character file.

165 dvd the Slasher (level 5, -2/39 HPs)
             Began as a Demonspawn Gladiator on Sept 10, 2018.
             Was a Follower of Qazlal.
             Slain by a bullfrog skeleton (3 damage)
             ... on level 4 of the Dungeon.
             The game lasted 00:05:40 (3168 turns).

dvd the Slasher (Demonspawn Gladiator)              Turns: 3168, Time: 00:05:42

Health: -2/39      AC:  7    Str: 20    XL:     5   Next: 21%
Magic:  5/5        EV: 14    Int: 10    God:    Qazlal [*.....]
Gold:   200        SH:  1    Dex: 14    Spells: 4/4 levels left

rFire    . . .     SeeInvis +   a - +0 long sword
rCold    + . .     Gourm    .   (no shield)
rNeg     . . .     Faith    .   j - +0 ring mail
rPois    .         Spirit   .   c - +0 helmet
rElec    .         Reflect  .   (no cloak)
rCorr    .         Harm     .   (no gloves)
MR       .....                  s - +0 pair of boots
Stlth    +.........             (no amulet)
HPRegen  0.13/turn              u - ring of see invisible
MPRegen  0.09/turn              (no ring)

@: mighty
A: repulsion field 1, cold resistance 1, powered by death 1
a: Renounce Religion


You were on level 4 of the Dungeon.
You worshipped Qazlal.
Qazlal was aware of your devotion.
You were hungry.

You visited 1 branch of the dungeon, and saw 4 of its levels.

You collected 200 gold pieces.

Inventory:

Hand Weapons
 a - a +0 long sword (weapon)
 d - a +1 dagger of venom
Missiles
 v - 2 tomahawks (quivered)
Armour
 c - a +0 helmet (worn)
 j - a +0 ring mail (worn)
 s - a +0 pair of boots (worn)
Jewellery
 u - a ring of see invisible (left hand)
Scrolls
 b - 5 scrolls of identify {unknown}
 e - a scroll of enchant weapon {unknown}
 h - 2 scrolls of remove curse
 k - a scroll of fog {unknown}
 m - a scroll of amnesia {unknown}
 n - a scroll of teleportation {unknown}
 p - 2 scrolls of immolation {unknown}
 r - a scroll of magic mapping {unknown}
 t - a scroll of noise {unknown}
Potions
 g - a potion of heal wounds {unknown}
 i - a potion of berserk rage {unknown}
 l - a potion of agility {unknown}
 o - a potion of might
 q - 2 potions of curing {unknown}
Comestibles
 f - 11 rations
 w - 3 chunks of flesh


   Skills:
 + Level 2.6 Fighting
 + Level 4.5 Long Blades
 + Level 2.1 Throwing
 + Level 1.0 Armour
 + Level 3.1 Dodging


You had 4 spell levels left.
You didn't know any spells.
Your spell library was empty.

Dungeon Overview and Level Annotations

Branches:
Dungeon (4/15)
 Temple: D:4-7

Altars:
Cheibriados
Qazlal

Annotations:
D:3 2 runed doors, Ymberto's ghost, amateur NaTm


Innate Abilities, Weirdness & Mutations

You are surrounded by a mild repulsion field. (EV +2)
Your flesh is cold resistant. (rC+)
You regenerate a little health from kills.


Message History

Unknown command.
As you read the scroll labeled TEGUUC DOEROS, it crumbles to dust.
You feel blessed for a moment.
It was a scroll of remove curse.
The bullfrog skeleton hits you. The ogre hits you with a giant club!!
Ouch! That really hurt!
Unknown command.
Okay, then.
Unknown command.
It was a potion of might.
You feel very mighty all of a sudden. The bullfrog skeleton hits you.
* * * LOW HITPOINT WARNING * * *
You slash the ogre!
The ogre is severely wounded.
The bullfrog skeleton hits you.
* * * LOW HITPOINT WARNING * * *
The ogre hits you with a giant club!
* * * LOW HITPOINT WARNING * * *
The bullfrog skeleton hits you.
You die...

###.........#
..'....!....+
#.........#
#.......#
##.....##
##...## ##o##
#O# #@# #Z#
... .....
#.(..##
......
##...#.
#...###


You could see an ogre, an orc and a bullfrog skeleton.

Vanquished Creatures
  An orc priest (D:3)
  3 adders
  A gnoll (D:1)
  3 worms
  4 dart slugs
  4 leopard geckos
  4 orcs (D:3)
  2 ball pythons (D:2)
  10 bats
  3 giant cockroaches
  8 goblins
  10 hobgoblins
  8 kobolds
  3 quokkas
  4 frilled lizards
  4 rats
72 creatures vanquished.

Vanquished Creatures (others)
  A leopard gecko (D:2)
1 creature vanquished.

Grand Total: 73 creatures vanquished

Notes
Turn   | Place    | Note
-------+----------+-------------------------------------------
     0 | D:1      | dvd the Demonspawn Gladiator began the quest for the Orb.
     0 | D:1      | Reached XP level 1. HP: 16/16 MP: 1/1
   229 | D:1      | Reached skill level 3 in Long Blades
   229 | D:1      | Gained mutation: You are surrounded by a mild repulsion
                  | field. (EV +2) [demonic ancestry]
   229 | D:1      | Reached XP level 2. HP: 16/22 MP: 2/2
   721 | D:1      | Gained mutation: Your flesh is cold resistant. (rC+)
                  | [demonic ancestry]
   721 | D:1      | Reached XP level 3. HP: 28/28 MP: 3/3
  1505 | D:2      | Gained mutation: You regenerate a little health from kills.
                  | [demonic ancestry]
  1505 | D:2      | Reached XP level 4. HP: 33/34 MP: 4/4
  1686 | D:2      | Found a stormy altar of Qazlal.
  1704 | D:2      | Became a worshipper of Qazlal Stormbringer
  2031 | D:3      | Found a large runed door.
  2031 | D:3      | Found a large runed door.
  2032 | D:3      | Noticed Ymberto's ghost (amateur NaTm)
  2117 | D:3      | Reached skill level 4 in Long Blades
  2285 | D:3      | Found a snail-covered altar of Cheibriados.
  2381 | D:3      | Reached * piety under Qazlal
  2485 | D:3      | Reached skill level 1 in Armour
  2485 | D:3      | Reached XP level 5. HP: 3/39 MP: 5/5
  3157 | D:4      | Noticed an ogre
  3168 | D:4      | HP: 1/39 [ogre/giant club (8)]
  3168 | D:4      | Slain by a bullfrog skeleton

Skill      XL: |  1  2  3  4 |
---------------+-------------+-----
Long Blades    | 3 4 |  4.5
Throwing       | 2 |  2.1
Dodging        | 3 |  3.1
Armour         | 1 |  1.0
Fighting       | |  2.6

Action                   |  1- 3 |  4- 6 || total
-------------------------+-------+-------++-------
Melee: Long sword        |   104 |   107 ||   211
Throw: Tomahawk          |       |    10 ||    10
  Use: Scroll            |       |     1 ||     1
       Potion            |       |     1 ||     1
 Stab: Sleeping          |     1 |       ||     1
  Eat: Chunk             |     2 |     5 ||     7
Armor: Leather armour    |     7 |       ||     7
       Ring mail         |    27 |    35 ||    62
Dodge: Dodged            |    83 |    70 ||   153
       Rpst.: Long sword |    30 |    22 ||    52
